 Dungeon Crawl Stone Soup version 0.30-a0-341-g682706514a (webtiles) character file.

Game seed: 12921413393080777273

4725 MrRokkomies the Fighter (level 10, 0/97 HPs)
             Began as an Armataur Gladiator on Nov 3, 2022.
             Slain by a thrashing horror (10 damage)
             ... on level 1 of the Abyss.
             The game lasted 00:10:52 (5547 turns).

MrRokkomies the Fighter (Armataur Gladiator)        Turns: 5547, Time: 00:10:52

Health: 0/97       AC: 15    Str: 30    XL:     10   Next: 22%
Magic:  10/10      EV: 11    Int:  8    God:
Gold:   357        SH:  0    Dex: 12    Spells: 9/9 levels left

rFire   . . .      SeeInvis .    a - +7 lajatang (venom)
rCold   . . .      Faith    .    (shield currently unavailable)
rNeg    . . .      Spirit   .    y - +0 plate armour
rPois   .          Reflect  .    c - +1 helmet
rElec   .          Harm     .    A - +0 cloak
rCorr   .          Roll     +    (no gloves)
Will    .....                    (no barding)
Stlth   ..........               q - amulet of regeneration
HPRegen 0.00/turn                w - +4 ring of evasion
MPRegen 0.12/turn                C - +6 ring of strength

@: mighty, about to teleport, sick, very slow
A: large, rugged brown scales 3, deformed body, armoured tail, roll, long
tongue, awkward tongue
a: no special abilities


You were on level 1 of the Abyss.
You visited 2 branches of the dungeon, and saw 8 of its levels.
You visited the Abyss 1 time.

You collected 357 gold pieces.

Inventory:

Hand Weapons
 a - a +7 lajatang of venom (weapon)
 b - a +2 flail of distortion
 l - a +0 quarterstaff
Missiles
 e - a javelin
 h - 11 poisoned darts
 u - 3 boomerangs (quivered)
Armour
 c - a +1 helmet (worn)
 y - a +0 plate armour (worn)
 A - a +0 cloak (worn)
Jewellery
 g - a ring of magical power
 q - an amulet of regeneration (around neck)
 w - a +4 ring of evasion (left hand)
 C - a +6 ring of strength (right hand)
 E - a ring of resist corrosion
Scrolls
 j - a scroll of fear
 t - a scroll of vulnerability
Potions
 f - a potion of attraction
 n - a potion of resistance
 p - a potion of flight {unknown}
 r - a potion of invisibility {unknown}
 s - a potion of haste {unknown}
 v - a potion of magic {unknown}
 x - 2 potions of heal wounds
 z - a potion of brilliance {unknown}
 B - a potion of berserk rage {unknown}


   Skills:
 * Level 9.1 Fighting
 * Level 4.4 Staves
 - Level 5.0 Throwing
 + Level 8.0 Armour
 - Level 3.0 Dodging
 + Level 7.2 Stealth


You had 9 spell levels left.
You didn't know any spells.
Your spell library contained the following spells:

 Spells                   Type           Power      Damage    Failure   Level
 Apportation              Tloc           0%         N/A       98%         1
 Magic Dart               Conj           0%         1d3       98%         1
 Necrotise                Necr           0%         1d4       98%         1
 Sandblast                Erth           0%         2d4       98%         1
 Summon Small Mammal      Summ           0%         N/A       98%         1
 Call Imp                 Summ           0%         N/A       99%         2
 Passwall                 Tmut/Erth      0%         N/A       99%         2
 Call Canine Familiar     Summ           0%         N/A       100%        3
 Mephitic Cloud           Conj/Pois/Air  0%         N/A       100%        3
 Stone Arrow              Conj/Erth      0%         3d7       100%        3
 Summon Guardian Golem    Hex/Summ       0%         N/A       100%        3


Dungeon Overview and Level Annotations

Branches:
Dungeon (7/15)             Temple (1/1) D:7

Altars:
Ashenzari
Cheibriados
Makhleb
Nemelex Xobeh
Sif Muna


Innate Abilities, Weirdness & Mutations

You are completely covered in rugged brown scales. (AC +3, +7% HP)
Armour fits poorly on your strangely shaped body.
You have a long armoured tail.
You roll when moving toward enemies. (Rampage)
Your long tongue fully drains potion bottles. (2x potion effects)
Your tongue gives you trouble enunciating. (1.5x scroll delay)


Message History

The ancient zyme hits you but does no damage.
You feel ill. A chorus of shrieks assaults your mind.
Unknown command.
The thrashing horror tramples you.
You hold your ground!
The thrashing horror tramples you.
You stumble backwards!
A starcursed mass splits.
The smoke demon gestures at you. Something smites you!
The ancient zyme hits you but does no damage.
The ancient zyme hits you.
You slurp down every last drop of the potion of curing!
You feel better.
The thrashing horror tramples you but does no damage. x2
The smoke demon gestures at you. Something smites you!
The ancient zyme closely misses you. The ancient zyme misses you.
A chorus of shrieks assaults your mind.
A starcursed mass splits.
The ancient zyme attacks as you move away!
The ancient zyme hits you.
* * * LOW HITPOINT WARNING * * *
The ancient zyme hits you.
* * * LOW HITPOINT WARNING * * *
The thrashing horror attacks as you move away!
The thrashing horror barely misses you. The thrashing horror tramples you.
* * * LOW HITPOINT WARNING * * *
The thrashing horror tramples you but does no damage.
The thrashing horror tramples you.
* * * LOW HITPOINT WARNING * * *
You stumble backwards!
Splash!
You fall into the shallow water.
Moving in this stuff is going to be slow.
The thrashing horror tramples you.
* * * LOW HITPOINT WARNING * * *
You hold your ground!
The thrashing horror barely misses you.
The thrashing horror attacks as you move away!
The thrashing horror tramples you!
You die...

... . ## # #.. #
.##. #.#§ .. .#. ...
#~ #.. #.#...#####~
. #. ..###.##...~ ~#
..# #.###.#.#~~#
~##≈#.. . .
#.#~~~~~..#.#...# #
# #.#..~@~~#.##...
.....
#..~~.≈#X##.#...#
#.# .#
##.##~.....#..##....
#. ~...≈#~..3#~##
###.# ~##..≈~X...#.
. #. #.X#.####....#
.. ### #....
..###.#. .# ##X#. ##
....#. ##X#


You could see 2 starcursed masses, a thrashing horror and a smoke demon.

Vanquished Creatures
  2 thrashing horrors (Abyss:1)
  Pikel (D:6)
  A polar bear (shapeshifter) (Abyss:1)
  A raiju (Abyss:1)
  A wyvern (D:7)
  A ynoxinul (Abyss:1)
  A water moccasin (D:5)
  3 large abominations (Abyss:1)
  A sky beast (D:7)
  An ice beast (D:6)
  4 ogres
  A necrophage (D:6)
  3 scorpions
  4 wights (D:6)
  2 howler monkeys
  2 quasits (Abyss:1)
  A jelly (D:5)
  3 hounds
  A gnoll bouda (D:6)
  An orc priest (D:7)
  4 iguanas
  An orc wizard (D:4)
  Robin (D:3)
  9 gnolls
  11 adders
  A shadow imp (D:6)
  2 worms
  A dart slug (D:4)
  6 orcs
  7 endoplasms
  3 giant cockroaches
  7 goblins
  9 hobgoblins
  10 jackals
  5 quokkas
  5 ball pythons
  2 bats (D:1)
  4 frilled lizards
  6 kobolds
  5 rats
134 creatures vanquished.

Vanquished Creatures (others)
  An orc wizard (D:4)
1 creature vanquished.

Grand Total: 135 creatures vanquished

Notes
Turn   | Place    | Note
-------+----------+-------------------------------------------
     0 | D:1      | MrRokkomies the Armataur Gladiator began the quest for the
                  | Orb.
     0 | D:1      | Reached XP level 1. HP: 18/18 MP: 1/1
    60 | D:1      | Reached skill level 2 in Fighting
    60 | D:1      | Reached XP level 2. HP: 5/25 MP: 2/2
   246 | D:1      | Reached skill level 1 in Armour
   462 | D:1      | Reached XP level 3. HP: 31/31 MP: 3/3
   615 | D:1      | You fall into a shaft and drop 1 floor!
   928 | D:2      | HP: 1/32 [gnoll/+0 spear (2)]
  1124 | D:2      | Reached XP level 4. HP: 39/39 MP: 4/4
  1996 | D:3      | Noticed Robin
  2004 | D:3      | Reached skill level 3 in Fighting
  2014 | D:3      | Killed Robin
  2022 | D:3      | Reached XP level 5. HP: 48/48 MP: 5/5
  2303 | D:3      | Identified a scroll of acquirement
  2303 | D:3      | Acquired a +6 lajatang of venom
  2642 | D:4      | Noticed an ogre
  2647 | D:4      | Killed an ogre
  2648 | D:4      | Reached XP level 6. HP: 54/54 MP: 6/6
  2695 | D:4      | Found a burning altar of Makhleb.
  2991 | D:4      | Found a sparkling altar of Nemelex Xobeh.
  3001 | D:4      | Reached skill level 4 in Fighting
  3236 | D:5      | Entered Level 5 of the Dungeon
  3244 | D:5      | Reached skill level 1 in Stealth
  3244 | D:5      | Reached XP level 7. HP: 55/64 MP: 7/7
  3622 | D:5      | Reached skill level 5 in Throwing
  3812 | D:5      | Reached skill level 5 in Fighting
  4211 | D:6      | Reached XP level 8. HP: 69/72 MP: 8/8
  4357 | D:6      | Noticed Pikel
  4380 | D:6      | Killed Pikel
  4381 | D:6      | Reached skill level 6 in Fighting
  4381 | D:6      | Reached skill level 5 in Armour
  4504 | D:6      | Reached skill level 7 in Fighting
  4504 | D:6      | Reached skill level 5 in Stealth
  4549 | D:6      | Found a broken altar of Ashenzari.
  4690 | D:6      | Reached XP level 9. HP: 84/84 MP: 9/9
  4958 | D:6      | Found a snail-covered altar of Cheibriados.
  5293 | D:7      | Found a staircase to the Ecumenical Temple.
  5312 | D:7      | Paralysed by a hornet for 2 turns
  5330 | Temple   | Entered the Ecumenical Temple
  5345 | Abyss:1  | Cast into level 1 of the Abyss (unwielding a weapon of
                  | distortion)
  5415 | Abyss:1  | Reached skill level 8 in Fighting
  5450 | Abyss:1  | Noticed a polar bear
  5456 | Abyss:1  | Killed a polar bear
  5474 | Abyss:1  | Noticed a thrashing horror
  5486 | Abyss:1  | Killed a thrashing horror
  5513 | Abyss:1  | Reached XP level 10. HP: 61/96 MP: 10/10
  5534 | Abyss:1  | Noticed a thrashing horror
  5535 | Abyss:1  | Noticed a thrashing horror
  5540 | Abyss:1  | Killed a thrashing horror
  5541 | Abyss:1  | Reached skill level 9 in Fighting
  5541 | Abyss:1  | Noticed a starcursed mass
  5542 | Abyss:1  | Noticed a smoke demon
  5547 | Abyss:1  | Slain by a thrashing horror

Illustrated notes

Levels and vault maps discovered:
D:1:      minmay_arrival_four_circles, layout_loops_ring
D:2:      layout_basic
D:3:      minmay_general_purpose_star, layout_loops_corners, uniq_robin
D:4:      layout_loops_ring, nemelex_diamond_rough_becter,
          makhleb_heckhound_becter
D:5:      layout_basic
D:6:      layout_basic, cheibrodos_worm_habitat, grunt_ashenzari_visionary
          [grunt_ashenzari_visionary_shoals, grunt_ashenzari_visionary_spider],
          uniq_pikel
D:7:      layout_loops_corners, lemuel_doored_altar,
          minmay_temple_entry_statues_pillars, serial_shops, shop, uniq_menkaure
Temple:   eino_wide_crystal_templ
Abyss:1:  base:
D:6

Skill      XL: |  1  2  3  4  5  6  7  8  9 10 |
---------------+-------------------------------+-----
Fighting       | 2 3 4 5 7 8 9 |  9.1
Throwing       | 2 3 4 5 |  5.0
Armour         | 1 2 3 4 6 7 8 |  8.0
Dodging        | 3 |  3.0
Stealth        | 1 2 5 7 |  7.2
Staves         | 3 4 |  4.4

Action                   |  1- 3 |  4- 6 |  7- 9 | 10-12 || total
-------------------------+-------+-------+-------+-------++-------
Melee: Quarterstaff      |    70 |       |       |       ||    70
       Tailslap          |     9 |    12 |    21 |     2 ||    44
       Flail             |     5 |   131 |   154 |       ||   290
       Punch             |       |       |     1 |       ||     1
       Lajatang          |       |       |    25 |    13 ||    38
Throw: Throwing net      |     4 |     1 |     1 |       ||     6
       Boomerang         |       |       |     2 |       ||     2
  Use: Scroll            |     2 |     9 |     6 |     1 ||    18
       Potion            |     1 |       |     2 |     2 ||     5
Armor: Leather armour    |    29 |     8 |       |       ||    37
       Scale mail        |       |    12 |       |       ||    12
       Plate armour      |       |    37 |    95 |    27 ||   159
Dodge: Dodged            |    40 |    70 |    91 |    20 ||   221

Table legend: (Time is in decaauts)
 A = Elapsed time spent in this place.
 B = Non-inter-level travel time spent in this place.
 C = Inter-level travel time spent in this place.
 D = Time resting spent in this place.
 E = Time spent auto-exploring this place.
 F = Levels seen in this place.
 G = Mean time per level.
                   A        B        C        D        E       F      G
               +--------+--------+--------+--------+--------+-----+--------+
         Total |   5686 |   5588 |     98 |    320 |   4170 |   9 |  631.8 |
       Dungeon |   5458 |   5360 |     98 |    303 |   4093 |   7 |  779.7 |
        Temple |     13 |     13 |      0 |     11 |      0 |   1 |   13.0 |
         Abyss |    214 |    214 |      0 |      6 |     77 |   1 |  214.0 |
               +--------+--------+--------+--------+--------+-----+--------+

Top non-repeatable levels by time:
     D:6: 1125 daAuts
     D:3: 955 daAuts
     D:5: 907 daAuts
     D:1: 818 daAuts
     D:2: 786 daAuts
     D:4: 732 daAuts
 Abyss:1: 214 daAuts
     D:7: 132 daAuts
  Temple: 13 daAuts
